 Dungeon Crawl Stone Soup version 0.31.0-11-ge490571c62 (webtiles) character file.

Game seed: 14012129922791223656

1 SnakkuSnakku7 the Conjurer (level 1, -2/13 HPs)
             Began as a Merfolk Conjurer on Feb 1, 2024.
             Slain by a quokka (3 damage)
             ... on level 1 of the Dungeon.
             The game lasted 00:00:13 (54 turns).

SnakkuSnakku7 the Conjurer (Merfolk Conjurer)         Turns: 54, Time: 00:00:14

Health: -2/13      AC:  2    Str:  7    XL:     1   Next: 20%
Magic:  1/3        EV: 12    Int: 17    God:
Gold:   17         SH:  0    Dex: 12    Spells: 3/4 levels left

rFire   . . .        (no weapon)
rCold   . . .        (no shield)
rNeg    . . .        a - +0 robe
rPois   .            (no helmet)
rElec   .            (no cloak)
rCorr   .            (no gloves)
SInv    .            (no boots)
Will    .....        (no amulet)
Stlth   ++           (no ring)
HPRegen 0.22/turn    (no ring)
MPRegen 0.08/turn

%: no passive effects
@: no status effects
A: (nimble swimmer 2), mertail
a: no special abilities


You were on level 1 of the Dungeon.
You visited 1 branch of the dungeon, and saw 1 of its levels.

You collected 17 gold pieces.

Inventory:

Armour
 a - a +0 robe (worn)
Potions
 b - a potion of magic


   Skills:
 + Level 0.2 Fighting
 - Level 2.6 Dodging
 - Level 2.1 Stealth
 + Level 0.2 Unarmed Combat
 - Level 2.0 Spellcasting
 - Level 3.2 Conjurations


You had 3 spell levels left.
You knew the following spells:

 Your Spells              Type           Power      Damage    Failure   Level
a - Magic Dart            Conj           48%        1d5       4%          1

Your spell library contained the following spells:

 Spells                   Type           Power      Damage    Failure   Level
 Searing Ray              Conj           24%        2d5       8%          2
 Fulminant Prism          Conj/Alch      3%         3d5       69%         4
 Iskenderun's Mystic Bla  Conj/Tloc      7%         2d4       69%         4


Dungeon Overview and Level Annotations

Branches:
Dungeon (1/15)

Altars:


Innate Abilities, Weirdness & Mutations

((You are very nimble when in or above water. (Stealth+, EV+, Speed+++)))
Your lower body shifts to a powerful aquatic tail in water.


Message History

The hobgoblin shouts!
The goblin attacks as it pursues you! The goblin barely misses you.
Unknown command.
Aiming: Magic Dart (safe; 4% risk of failure)
Press: ? - help, Q - select action Shift-Dir - straight line, f/p - goblin
Aim: a goblin, wielding a +0 dagger (almost dead, 100% to hit)
The magic dart hits the goblin.
You kill the goblin!
Unknown command.
Aiming: Magic Dart (safe; 4% risk of failure)
Press: ? - help, Q - select action Shift-Dir - straight line, f - hobgoblin
Aim: a hobgoblin (100% to hit)
The magic dart hits the hobgoblin.
The hobgoblin is heavily wounded.
Unknown command.
The hobgoblin barely misses you.
The hobgoblin attacks as it pursues you!
The hobgoblin barely misses you.
A quokka comes into view.
The hobgoblin attacks as it pursues you!
The hobgoblin misses you.
Aiming: Magic Dart (safe; 4% risk of failure)
Press: ? - help, Q - select action Shift-Dir - straight line, f/p - hobgoblin
Aim: a hobgoblin (moderately wounded, 100% to hit)
The magic dart hits the hobgoblin.
The hobgoblin is almost dead.
The quokka barely misses you. The hobgoblin completely misses you.
Found a hand axe.
The quokka bites you.
Found 8 stones.
The quokka barely misses you. The quokka bites you.
The quokka attacks as it pursues you! The quokka barely misses you.
The hobgoblin attacks as it pursues you!
The hobgoblin hits you.
* * * LOW HITPOINT WARNING * * *
The quokka closely misses you. The quokka attacks as it pursues you!
The quokka misses you. The quokka bites you.
* * * LOW HITPOINT WARNING * * *
The quokka bites you.
You die...

.(...#...... #..
.).......... #.#
....#...... #.#
#...#...... #.#
#...#...... #.#
#...######. #.# #...# #.
#.# ####...# ## #
#@###......######.
....##.rgr.............
..........##############
.....###+##.............
..## .......⌠......
..............
..⌠.........⌠.
..............
.......<......


You could see a quokka, a hobgoblin and a rat.

Vanquished Creatures
  A goblin (D:1)
1 creature vanquished.

Notes
Turn   | Place    | Note
-------+----------+-------------------------------------------
     0 | D:1      | SnakkuSnakku7 the Merfolk Conjurer began the quest for the
                  | Orb.
     0 | D:1      | Reached XP level 1. HP: 13/13 MP: 3/3
    54 | D:1      | Slain by a quokka

Illustrated notes

Levels and vault maps discovered:
D:1:      dpeg_arrival_water_temple_mockup, layout_basic,
          shapermc_ecumenical_altar_gd, serial_shops, shop, st_stairs_8

Action                     || total
---------------------------++-------
   Cast: Magic Dart        ||     4
 Armour: Robe              ||     5
  Dodge: Dodged            ||    10
